 Dungeon Crawl Stone Soup version 0.20.1 (webtiles) character file.

117 doot the Sneak (level 4, -4/32 HPs)
             Began as a Vampire Enchanter on July 2, 2017.
             Slain by a black bear (8 damage)
             ... created by the rage of Trog
             ... on level 2 of the Dungeon.
             The game lasted 00:11:31 (2425 turns).

doot the Sneak (Vampire Enchanter)                  Turns: 2425, Time: 00:11:32

Health: -4/32      AC:  0    Str:  7    XL:     4   Next: 71%
Magic:  7/7        EV: 21    Int: 17    God:
Gold:   202        SH:  0    Dex: 20    Spells: 5/8 levels left

rFire    . . .     SeeInvis +   (weapon currently unavailable)
rCold    . . .     Gourm    .   (shield currently unavailable)
rNeg     + . .     Faith    .   (armour currently unavailable)
rPois    .         Spirit   .   (helmet currently unavailable)
rElec    .         Reflect  .   (cloak currently unavailable)
rCorr    .         Harm     .   (gloves currently unavailable)
MR       .....                  (boots currently unavailable)
Stlth    ++++++....             (no amulet)
Regen    0.1/turn               (ring currently unavailable)
MPRegen  0.1/turn               (ring currently unavailable)

@: bat-form, flying, very quick
A: fangs 3, see invisible
a: End Transformation


You were on level 2 of the Dungeon.
You were not thirsty.
You were in vampire-bat-form.
You visited 1 branch of the dungeon, and saw 3 of its levels.

You collected 202 gold pieces.

Inventory:

Hand Weapons
 a - a +1 dagger (melded)
Armour
 b - a +0 robe (melded)
 d - a +1 helmet (melded)
Scrolls
 e - 2 scrolls of remove curse {unknown}
 f - a scroll of enchant armour {unknown}
 h - 4 scrolls of identify {unknown}
 i - a scroll of blinking {unknown}
 j - 2 scrolls of teleportation {unknown}
 k - a scroll of fog {unknown}
 o - a scroll of immolation {unknown}
 q - a scroll of fear {unknown}
 r - a scroll of magic mapping {unknown}
Potions
 g - 13 potions of blood
 m - a potion of degeneration {unknown}
 n - a potion of curing {unknown}
 p - a potion of haste {unknown}
Books
 c - a book of Maledictions

   Spells                             Type                      Level
   a - Corona                         Hexes                        1
   b - Ensorcelled Hibernation        Hexes/Ice                    2
   c - Confuse                        Hexes                        3
   d - Tukima's Dance                 Hexes                        3
   e - Dazzling Spray                 Conjuration/Hexes            3


   Skills:
 + Level 1.0 Fighting
 + Level 1.3 Short Blades
 + Level 2.6 Dodging
 + Level 6.2 Stealth
 - Level 2.5 Spellcasting
 - Level 5.1 Hexes
 - Level 0.6 Ice Magic


You had 5 spell levels left.
You knew the following spells:

 Your Spells              Type           Power        Failure   Level  Hunger
a - Corona                Hex            ###....      2%          1    #......
b - Ensorcelled Hibernat  Hex/Ice        ##....       9%          2    ##.....


Dungeon Overview and Level Annotations

Branches:
Dungeon (3/15)

Altars:
Trog


Innate Abilities, Weirdness & Mutations

You have razor-sharp teeth.
You have supernaturally acute eyesight. (SInv)
((You can survive without breathing.))


Message History

There is a stone staircase leading down here.
You fly downwards.
The polar bear completely misses you. The polar bear closely misses you.
The polar bear completely misses you. The polar bear bites you!
The polar bear barely misses you. The polar bear closely misses you.
The black bear completely misses you. The black bear closely misses you.
The black bear misses you.
There is a stone staircase leading up, spattered with blood here.
Magic restored.
The polar bear misses you. The polar bear closely misses you. x2
The polar bear bites you! The polar bear completely misses you.
The polar bear claws you.
* * * LOW HITPOINT WARNING * * *
The black bear closely misses you. The black bear misses you.
The black bear claws you.
* * * LOW HITPOINT WARNING * * *
You fly upwards.
There is a stone staircase leading down here.
It was a potion of flight.
You feel more buoyant. The black bear bites you!
You die...

##################
.....h........hhb#
....#####.######h#
##...# #.# #.#
#.#.## #.# #.#
#.#..# #.# #.#
#.##.###.# #.#
#.##..##.# #.#
#.###.##.# #.#
##.###.##.# #.#


You could see 2 polar bears and a black bear.

Vanquished Creatures
  Terence (D:2)
  2 adders (D:3)
  A worm (D:2)
  A dart slug (D:1)
  4 leopard geckos
  5 orcs
  4 giant cockroaches
  7 goblins
  4 hobgoblins
  3 jackals
  5 kobolds
  2 quokkas (D:2)
  A ball python (D:3)
  7 bats
  5 frilled lizards
  8 rats
60 creatures vanquished.

Notes
Turn   | Place    | Note
-------+----------+-------------------------------------------
     0 | D:1      | doot the Vampire Enchanter began the quest for the Orb.
     0 | D:1      | Reached XP level 1. HP: 13/13 MP: 3/3
   198 | D:1      | Reached skill level 5 in Hexes
   198 | D:1      | Reached XP level 2. HP: 17/19 MP: 3/5
   352 | D:1      | Learned a level 2 spell: Ensorcelled Hibernation
   388 | D:1      | Reached skill level 5 in Stealth
   792 | D:2      | Reached XP level 3. HP: 15/24 MP: 3/6
  1063 | D:2      | Noticed Terence
  1107 | D:2      | Killed Terence
  1232 | D:2      | Found a faded altar of an unknown god.
  1237 | D:2      | Reached XP level 4. HP: 30/31 MP: 7/7
  1267 | D:2      | Became a worshipper of Trog the Wrathful
  1267 | D:2      | Reached * piety under Trog
  1269 | D:2      | Fell from the grace of Trog
  2138 | D:3      | Reached skill level 1 in Fighting
  2190 | D:3      | Noticed a black bear
  2190 | D:3      | Noticed a polar bear
  2190 | D:3      | Noticed a black bear
  2190 | D:3      | Noticed a polar bear
  2213 | D:2      | Reached skill level 6 in Stealth
  2344 | D:3      | Noticed a polar bear
  2344 | D:3      | Noticed a black bear
  2344 | D:3      | Noticed a polar bear
  2344 | D:3      | Noticed a black bear
  2425 | D:2      | Slain by a black bear

Skill      XL: |  1  2  3  4 |
---------------+-------------+-----
Hexes          | 5 |  5.1
Stealth        | 5 6 |  6.2
Fighting       | 1 |  1.0
Short Blades   | |  1.3
Dodging        | |  2.6
Spellcasting   | |  2.5
Ice Magic      | |  0.6

Action                   |  1- 3 |  4- 6 || total
-------------------------+-------+-------++-------
Melee: Dagger            |   123 |    39 ||   162
       Bite              |     9 |     4 ||    13
       Unarmed           |       |    10 ||    10
 Cast: Corona            |    16 |     1 ||    17
       Ensorcelled Hiber |    12 |    15 ||    27
Invok: Renounce Religion |       |     1 ||     1
 Abil: Bat Form          |       |     3 ||     3
       End Transformatio |       |     2 ||     2
  Use: Potion            |     3 |     5 ||     8
 Stab: Sleeping          |    10 |    16 ||    26
       Distracted        |     1 |       ||     1
Armor: Robe              |    34 |     5 ||    39
Dodge: Dodged            |    83 |    63 ||   146
